Map: 뉴커크 재개발 지구 - 토너먼트 (공허의 유산)

Players

Bunny - Winner!

  • Race: Terran Terran
  • Spawn Location: 7:00

llllllllllll (Dream)

  • Race: Terran Terran
  • League: Master
  • Spawn Location: 5:00

VOD

Have the link to the VOD?

Description

Time

  • Played on: Nov. 29, 2016, 3:55 a.m.
  • Length: 14:18
Show
View Real Time Build Order
Export as new Build Order

Bunny Terran - Winner!

Build Orders: 1/1/1, Bio Tank 

Get SALT Encoding   

  12  0:00  SCV  
  13  0:12  SCV  
  14  0:18  Supply Depot  
  14  0:25  SCV  
  15  0:40  Barracks, SCV  
  16  0:45  Refinery  
  16  0:52  SCV  
  16  0:55  Refinery  
  17  1:04  SCV  
  18  1:16  SCV  
  19  1:28  Orbital Command  
  19  1:32  Factory  
  19  1:36  Marine  
  20  1:48  Supply Depot  
  20  1:54  Marine  
  20  1:57  SCV  
  22  2:09  SCV  
  22  2:11  Marine  
  24  2:18  Starport  
  24  2:21  SCV  
  25  2:23  Factory Tech Lab  
  25  2:29  Marine  
  26  2:33  SCV  
  26  2:36  Supply Depot  
  27  2:45  SCV  
  27  2:49  Marine  
  27  2:51  Widow Mine  
  29  2:57  SCV  
  32  3:01  Raven  
  34  3:09  SCV  
  36  3:13  Marine  
  36  3:24  Command Center  
  36  3:26  Factory Reactor  
  36  3:27  SCV  
  37  3:32  Supply Depot  
  37  3:44  Viking  
  39  3:54  SCV  
  40  4:04  Supply Depot  
  40  4:06  Marine x2, SCV  
  43  4:14  Factory Tech Lab  
  40  4:20  SCV  
  41  4:27  Viking x2  
  41  4:31  Marine  
  46  4:32  SCV  
  46  4:33  Siege Tank  
  46  4:36  Orbital Command  
  50  4:43  Stimpack  
  50  4:44  SCV  
  51  4:52  Marine  
  51  4:56  SCV  
  51  4:58  Orbital Command  
  52  5:02  Viking  
  52  5:05  Siege Tank  
  57  5:09  SCV  
  57  5:13  Viking  
  60  5:17  Marine  
  60  5:18  Supply Depot  
  61  5:22  SCV  
  61  5:27  SCV  
  63  5:32  Refinery  
  63  5:35  Viking  
  65  5:36  Marine  
  65  5:37  SCV  
  65  5:39  SCV  
  65  5:42  Siege Tank  
  71  5:51  SCV x2  
  73  6:02  Viking  
  75  6:09  SCV x2  
  77  6:12  Supply Depot  
  77  6:14  Command Center  
  77  6:20  Viking  
  77  6:24  Engineering Bay, Marine  
  75  6:36  SCV x2  
  77  6:41  Marine  
  77  6:45  Medivac  
  77  6:48  SCV x2  
  77  6:50  Medivac  
  80  7:03  Barracks  
  80  7:04  SCV x2  
  82  7:09  Marine  
  83  7:16  SCV  
  83  7:17  SCV  
  76  7:26  Marine  
  76  7:28  Combat Shields  
  76  7:29  SCV x2  
  79  7:30  Orbital Command  
  79  7:31  Barracks  
  77  7:38  Siege Tank  
  77  7:41  SCV x2  
  74  7:59  SCV x2  
  74  8:05  Barracks Reactor, Marine  
  58  8:06  Viking  
  58  8:07  Viking  
  58  8:09  SCV  
  58  8:10  Siege Tank  
  58  8:11  SCV  
  62  8:13  SCV  
  62  8:15  Refinery  
  62  8:19  Barracks Reactor  
  63  8:21  Terran Infantry Weapons Level 1  
  63  8:24  Marine  
  63  8:26  SCV x3  
  67  8:36  Viking  
  67  8:37  Viking  
  67  8:39  Barracks  
  71  8:42  Marine x2  
  71  8:43  Marine  
  71  8:44  Barracks  
  71  8:47  Siege Tank  
  77  8:50  SCV x2  
  77  8:51  SCV  
  77  8:54  Supply Depot  
  80  8:55  Marine  
  80  8:56  Marine  
  80  9:02  SCV x2  
  84  9:03  SCV  
  84  9:06  Medivac, Marine x2  
  84  9:07  Medivac, Marine  
  92  9:11  Supply Depot  
  92  9:15  SCV x2  
  92  9:16  SCV  
  95  9:19  Siege Tank, Refinery, Marine  
  95  9:21  Refinery  
  95  9:24  Supply Depot  
  99  9:27  Barracks Reactor  
  99  9:29  Marine x4  
  102  9:36  Medivac x2  
  102  9:37  Supply Depot, Marine  
  108  9:39  Barracks Reactor  
  107  9:46  Engineering Bay  
  107  9:47  Marine x4  
  110  9:53  Armory  
  110  9:54  Marine  
  110  9:55  Siege Tank  
  114  10:03  Supply Depot  
  114  10:04  Marine  
  114  10:05  Marine x5  
  120  10:12  Barracks, Marine  
  120  10:13  Barracks  
  121  10:15  Marine, Terran Infantry Armor Level 1, Missile Turret  
  121  10:16  Marine  
  121  10:21  Supply Depot  
  123  10:22  Marine x2  
  123  10:23  Medivac x2, Marine  
  123  10:27  Marine x3  
  133  10:32  Marine  
  133  10:33  Marine  
  133  10:34  Marine  
  135  10:38  Siege Tank  
  135  10:40  Marine x3  
  140  10:46  Marine  
  140  10:47  Marine  
  142  10:50  Terran Infantry Weapons Level 2  
  141  10:57  Medivac x2  
  141  11:03  Marine x4  
  149  11:06  Marine x2  
  149  11:08  Marine x3  
  149  11:10  Barracks Reactor  
  145  11:11  Barracks Reactor  
  145  11:17  Siege Tank  
  148  11:21  Supply Depot, Marine  
  149  11:25  Supply Depot  
  139  11:41  Marine x8  
  139  11:46  Marine x3  
  150  11:52  Siege Tank  
  153  11:55  Marine x2  
  153  11:59  Marine x5  
  160  12:03  Marine  
  160  12:06  Marine x5  
  160  12:07  Supply Depot  
  166  12:08  Factory  
  165  12:18  Marine x3  
  165  12:19  Marine x2  
  166  12:23  Medivac  
  166  12:24  Siege Tank  
  166  12:29  Sensor Tower  
  169  12:30  Marine x4  
  173  12:43  Marine  
  173  12:44  Marine x4  
  171  12:54  Marine  
  171  12:55  Marine x3  
  171  12:56  Siege Tank  
  177  13:00  Medivac x2  
  181  13:10  Marine x2  
  181  13:11  Marine x3  
  181  13:12  Marine  
  181  13:13  Marine  
  181  13:14  Marine  
  135  13:33  Marine x8  
  140  13:35  Siege Tank  
  140  13:40  Factory Tech Lab  
  140  13:41  Marine x2  
  140  13:43  Marine  
  140  13:45  Marine x2  
  145  13:54  Marine  
  145  13:55  Marine x6  
  152  13:57  Marine  
  152  13:59  Marine  
Show
View Real Time Build Order
Export as new Build Order

llllllllllll Terran 

Build Orders: 1/1/1, Bio Tank, Banshee Rush 

Get SALT Encoding   

  12  0:00  SCV  
  13  0:12  SCV  
  14  0:18  Supply Depot  
  14  0:25  SCV  
  15  0:29  Refinery  
  15  0:40  SCV  
  16  0:45  Barracks  
  16  0:52  SCV  
  17  0:57  Refinery  
  17  1:04  SCV  
  18  1:16  SCV  
  19  1:32  Orbital Command  
  19  1:33  Factory  
  19  1:36  Reaper  
  20  1:46  Supply Depot  
  20  1:57  SCV  
  21  2:08  Reaper  
  21  2:09  SCV  
  23  2:17  Hellion  
  23  2:18  Starport  
  23  2:22  SCV  
  26  2:26  Supply Depot  
  26  2:34  SCV  
  27  2:40  Barracks Tech Lab  
  27  2:42  Hellion  
  29  2:46  SCV  
  30  2:56  Supply Depot  
  30  3:00  SCV  
  30  3:04  Banshee, Cloaking Field  
  34  3:18  Cyclone  
  34  3:19  Barracks Reactor  
  35  3:39  Command Center  
  35  3:47  SCV  
  36  3:48  Raven  
  36  3:55  Widow Mine  
  40  3:56  Marine  
  40  3:57  Marine  
  40  4:00  SCV  
  40  4:01  Supply Depot  
  43  4:12  SCV  
  43  4:14  Marine x2  
  41  4:24  SCV  
  41  4:28  Factory Tech Lab  
  42  4:31  Banshee  
  42  4:37  SCV  
  46  4:50  SCV  
  47  4:53  Siege Tank  
  47  4:54  Orbital Command  
  50  5:02  SCV  
  51  5:14  SCV  
  52  5:24  SCV  
  52  5:26  SCV  
  52  5:28  Command Center, Viking x2  
  58  5:33  Stimpack  
  58  5:36  SCV  
  58  5:38  SCV  
  60  5:44  Marine  
  60  5:47  Refinery  
  60  5:48  SCV  
  60  5:49  Bunker  
  62  5:50  SCV  
  62  5:51  Siege Tank  
  66  6:00  SCV  
  66  6:03  Viking, SCV  
  66  6:04  Marine  
  68  6:07  Engineering Bay  
  69  6:12  Supply Depot  
  69  6:13  SCV  
  70  6:24  Refinery  
  70  6:28  Supply Depot  
  70  6:31  SCV, Marine  
  70  6:33  Viking, SCV  
  70  6:38  Viking  
  75  6:43  Orbital Command, SCV  
  76  6:50  Siege Tank  
  76  6:54  Missile Turret  
  76  6:55  Barracks, SCV  
  76  6:56  SCV  
  76  7:00  Terran Infantry Weapons Level 1  
  78  7:06  Viking  
  78  7:08  SCV x2  
  80  7:16  SCV  
  80  7:20  Marine  
  73  7:24  Siege Tank, Viking  
  73  7:26  SCV x2  
  79  7:37  Refinery  
  79  7:40  Barracks  
  79  7:42  Barracks  
  79  7:44  SCV x2  
  81  7:46  Orbital Command, Marine  
  82  7:56  SCV  
  82  7:57  Marine  
  77  7:58  SCV  
  67  8:08  SCV  
  67  8:09  Combat Shields  
  67  8:10  SCV  
  67  8:11  Barracks Reactor  
  67  8:12  Medivac x2  
  72  8:13  SCV  
  72  8:17  Engineering Bay  
  72  8:18  Barracks  
  73  8:20  SCV  
  73  8:22  SCV, Marine  
  73  8:26  SCV  
  77  8:29  Refinery  
  77  8:32  SCV  
  78  8:35  Refinery  
  78  8:38  SCV x2  
  78  8:40  Marine  
  81  8:42  Medivac  
  81  8:44  Siege Tank  
  81  8:47  SCV  
  81  8:48  Marine x2  
  88  8:52  Terran Infantry Armor Level 1  
  88  8:55  Barracks Reactor, SCV x2  
  91  8:58  Marine  
  91  9:00  SCV  
  91  9:01  Barracks Reactor  
  93  9:06  Marine x2  
  93  9:07  Barracks Reactor, Supply Depot x2  
  93  9:08  SCV  
  96  9:10  Armory  
  96  9:15  Marine  
  96  9:16  SCV  
  98  9:21  Siege Tank  
  101  9:28  Marine x2  
  101  9:29  Supply Depot x2, SCV x2  
  105  9:31  SCV  
  105  9:33  Marine x3  
  109  9:39  Medivac x2, Marine  
  109  9:40  Marine  
  115  9:45  Supply Depot x2  
  115  9:46  Marine x2  
  115  9:50  Marine x3  
  115  9:51  Marine  
  121  9:57  Marine  
  121  9:58  Marine  
  121  9:59  Supply Depot  
  124  10:00  Supply Depot x2  
  124  10:01  Siege Tank  
  124  10:06  Factory  
  126  10:09  Sensor Tower  
  126  10:10  Marine  
  126  10:11  Missile Turret, Marine x2  
  129  10:15  Barracks Reactor  
  129  10:17  Marine  
  129  10:19  Marine  
  129  10:20  Terran Vehicle Weapons Level 1, Terran Infantry Weapons Level 2  
  129  10:21  Sensor Tower  
  131  10:25  Marine  
  131  10:27  Supply Depot  
  132  10:30  Marine x2  
  133  10:38  Marine  
  133  10:39  Marine  
  133  10:40  Marine x3  
  133  10:41  Siege Tank  
  141  10:47  Marine x2  
  141  10:48  Marine  
  141  10:49  Medivac x2  
  146  10:56  Marine x3  
  149  10:57  Marine  
  150  11:06  Command Center  
  150  11:07  Marine  
  150  11:08  Marine x4  
  150  11:09  Siege Tank  
  150  11:10  Terran Infantry Armor Level 2  
  154  11:13  Siege Tank  
  155  11:19  Marine  
  155  11:20  Marine x2  
  155  11:22  Medivac x2  
  162  11:27  Marine  
  162  11:28  Supply Depot, Marine x4  
  162  11:29  Missile Turret  
  164  11:35  Marine  
  156  11:41  Marine  
  157  11:56  Supply Depot x3  
  157  11:57  Supply Depot  
  157  11:58  Supply Depot  
  157  12:18  Marine  
  157  12:19  Marine x7  
  164  12:22  Supply Depot  
  163  12:35  Siege Tank  
  163  12:36  Marine  
  164  12:44  Marine x7  
  163  12:54  Barracks, Marine  
  163  12:56  Barracks  
  164  13:02  Marine x3  
  164  13:07  Marine  
  164  13:12  Marine x3  
  138  13:15  Marine  
  138  13:19  Marine x3  
  124  13:24  Orbital Command  
  124  13:25  Marine  
  109  13:30  Marine  
  93  13:37  Siege Tank  
  93  13:40  Planetary Fortress  
  93  13:43  Barracks Reactor  
  93  13:44  Barracks Reactor  
  93  13:58  Factory  
  93  14:00  SCV  
  98  14:03  SCV  
Tags
 
Add a new tag
Caveats
  • Supply blocks, unpowered buildings, or Contaminate may cause inaccurate times.
  • Supply counts are checked every 10 seconds.